[ AOE2 MATCH · #505162314 ]
UnrankedSicilians vs Britons
Player's team · LOSS
Rival team · WIN
[ REPLAY ANALYSIS · EXTRACTED FROM THE RECORDED GAME ]
Feudal
—
Castle
—
Imperial
—
| APM avg | 47.4 |
| APM peak | 120 |
| eAPM avg | 21.0 |
| Villagers / military | 62 / 4 |
Focus
⚔️ 16.8% · 🌾 83.2%
Militia ×4
Feudal
10:06
Castle
17:33
Imperial
—
| APM avg | 44.9 |
| APM peak | 87 |
| eAPM avg | 25.5 |
| Villagers / military | 33 / 8 |
Focus
⚔️ 26.7% · 🌾 73.3%
Mangonel ×8
Match map
Initial resources + every placement click. Lines = walls · curves = elevation contours. ◆ gold · ⬟ stone · ● berries · ✦ relic · ◌ wall gap
Your base· ✓ Closed at 12:00 · 0t walls · 3 gate(s)
HK | Foko_89's base· ✓ Closed at 17:33 · 61t walls · 5 gate(s)
Smoothed initial terrain · ◌ = detected wall gap · hover for details
Inputs per minute
— Jack_el_Guapo - - HK | Foko_89
Build order — Jack_el_Guapo
101 actions detected in the replay
| 0:02 | Build | House |
| 0:03 | Build | House |
| 0:04 | Queue | Villager (Male) |
| 0:09 | Queue | Villager (Male) |
| 0:10 | Queue | Villager (Male) |
| 0:10 | Queue | Villager (Male) |
| 0:10 | Queue | Villager (Male) |
| 1:26 | Queue | Villager (Male) |
| 1:55 | Build | Lumber Camp |
| 1:58 | Queue | Villager (Male) |
| 1:58 | Queue | Villager (Male) |
| 2:14 | Queue | Villager (Male) |
| 2:14 | Queue | Villager (Male) |
| 2:14 | Queue | Villager (Male) |
| 2:52 | Queue | Villager (Male) |
| 3:08 | Queue | Villager (Male) |
| 3:35 | Queue | Villager (Male) |
| 3:57 | Build | House |
| 3:59 | Build | House |
| 4:03 | Queue | Villager (Male) |
| 4:34 | Queue | Villager (Male) |
| 4:55 | Queue | Villager (Male) |
| 5:27 | Queue | Villager (Male) |
| 5:34 | Research | Loom |
| 6:13 | Queue | Villager (Male) |
| 6:48 | Queue | Villager (Male) |
| 7:00 | Build | Mill |
| 7:36 | Build | Town Center |
| 8:02 | Queue | Villager (Male) |
| 8:03 | Queue | Villager (Male) |
| 8:03 | Queue | Villager (Male) |
| 8:45 | Queue | Villager (Male) |
| 9:52 | Queue | Villager (Male) |
| 9:52 | Queue | Villager (Male) |
| 10:17 | Build | Lumber Camp |
| 10:20 | Build | House |
| 11:02 | Build | Town Center |
| 11:51 | Queue | Villager (Male) |
| 11:51 | Queue | Villager (Male) |
| 11:51 | Queue | Villager (Male) |
| 11:52 | Queue | Villager (Male) |
| 13:32 | Queue | Villager (Male) |
| 13:32 | Queue | Villager (Male) |
| 13:39 | Build | House |
| 13:54 | Build | Town Center |
| 14:20 | Queue | Villager (Male) |
| 14:20 | Queue | Villager (Male) |
| 14:21 | Queue | Villager (Male) |
| 14:44 | Queue | Villager (Male) |
| 14:51 | Build | House |
| 15:58 | Build | Mill |
| 16:03 | Queue | Villager (Male) |
| 16:24 | Queue | Villager (Male) |
| 16:24 | Queue | Villager (Male) |
| 16:29 | Build | House |
| 16:51 | Build | Palisade Wall |
| 17:22 | Queue | Villager (Male) |
| 17:22 | Queue | Villager (Male) |
| 17:47 | Build | Farm |
| 17:49 | Build | Farm |
| 17:53 | Build | Farm |
| 17:57 | Queue | Villager (Male) |
| 17:58 | Queue | Villager (Male) |
| 18:37 | Queue | Villager (Male) |
| 18:37 | Queue | Villager (Male) |
| 18:44 | Build | Palisade Wall |
| 19:16 | Build | Town Center |
| 19:28 | Build | Outpost |
| 19:34 | Build | Mill |
| 19:37 | Queue | Villager (Male) |
| 19:38 | Queue | Villager (Male) |
| 20:38 | Queue | Villager (Male) |
| 20:38 | Queue | Villager (Male) |
| 21:11 | Build | House |
| 21:13 | Queue | Villager (Male) |
| 21:13 | Queue | Villager (Male) |
| 21:31 | Queue | Villager (Male) |
| 21:31 | Queue | Villager (Male) |
| 21:46 | Queue | Villager (Male) |
| 22:07 | Build | Farm |
| 23:04 | Queue | Villager (Male) |
| 23:04 | Queue | Villager (Male) |
| 23:18 | Queue | Villager (Male) |
| 23:40 | Queue | Villager (Male) |
| 24:16 | Queue | Villager (Male) |
| 24:28 | Build | Farm |
| 24:28 | Build | Farm |
| 24:28 | Build | Farm |
| 24:29 | Build | Farm |
| 24:32 | Build | Farm |
| 24:39 | Queue | Villager (Male) |
| 24:49 | Build | House |
| 25:11 | Build | Barracks |
| 25:57 | Queue | Villager (Male) |
| 25:57 | Queue | Villager (Male) |
| 26:06 | Queue | Militia |
| 26:06 | Queue | Militia |
| 26:06 | Queue | Militia |
| 26:27 | Build | House |
| 26:28 | Build | House |
| 26:30 | Queue | Militia |
Build order — HK | Foko_89
116 actions detected in the replay
| 0:01 | Queue | Villager (Male) |
| 0:01 | Queue | Villager (Male) |
| 0:01 | Queue | Villager (Male) |
| 0:02 | Build | House |
| 0:05 | Build | House |
| 0:14 | Queue | Villager (Male) |
| 0:15 | Queue | Villager (Male) |
| 1:27 | Queue | Villager (Male) |
| 1:27 | Queue | Villager (Male) |
| 1:54 | Build | Lumber Camp |
| 1:59 | Queue | Villager (Male) |
| 2:06 | Queue | Villager (Male) |
| 2:06 | Queue | Villager (Male) |
| 2:31 | Queue | Villager (Male) |
| 2:31 | Queue | Villager (Male) |
| 2:52 | Queue | Villager (Male) |
| 2:52 | Queue | Villager (Male) |
| 3:33 | Build | House |
| 3:34 | Build | House |
| 3:38 | Queue | Villager (Male) |
| 3:39 | Queue | Villager (Male) |
| 3:39 | Queue | Villager (Male) |
| 4:00 | Queue | Villager (Male) |
| 4:24 | Build | Palisade Gate |
| 4:27 | Queue | Villager (Male) |
| 4:36 | Build | Palisade Gate |
| 4:45 | Build | Palisade Wall |
| 4:50 | Build | Palisade Wall |
| 5:06 | Queue | Villager (Male) |
| 5:27 | Build | Mill |
| 5:32 | Queue | Villager (Male) |
| 5:32 | Queue | Villager (Male) |
| 6:00 | Queue | Villager (Male) |
| 6:01 | Queue | Villager (Male) |
| 6:30 | Queue | Villager (Male) |
| 6:39 | Build | House |
| 7:00 | Queue | Villager (Male) |
| 7:03 | Queue | Villager (Male) |
| 7:11 | Build | House |
| 7:30 | Research | Loom |
| 7:30 | Research | Loom |
| 7:47 | Research | Feudal Age |
| 7:56 | Build | Palisade Wall |
| 8:02 | Build | Palisade Wall |
| 8:04 | Build | Palisade Wall |
| 8:45 | Build | House |
| 8:48 | Build | House |
| 8:51 | Build | Palisade Wall |
| 9:11 | Build | Palisade Wall |
| 9:12 | Build | Palisade Wall |
| 9:17 | Build | Palisade Wall |
| 9:20 | Build | Palisade Wall |
| 9:23 | Build | Palisade Wall |
| 9:25 | Build | Palisade Wall |
| 9:49 | Build | Palisade Wall |
| 9:53 | Build | Palisade Wall |
| 9:59 | Build | Mining Camp |
| 10:03 | Build | Palisade Wall |
| 10:04 | Build | Palisade Wall |
| 10:06 | Age | Feudal Age |
| 10:10 | Build | Watch Tower |
| 10:12 | Queue | Villager (Male) |
| 10:28 | Build | Gate |
| 10:33 | Build | Stone Wall |
| 10:43 | Queue | Villager (Male) |
| 11:17 | Queue | Villager (Male) |
| 11:51 | Queue | Villager (Male) |
| 11:55 | Build | Market |
| 12:17 | Build | Watch Tower |
| 12:20 | Queue | Villager (Male) |
| 12:43 | Build | Watch Tower |
| 12:48 | Build | Stone Wall |
| 13:14 | Build | Stone Wall |
| 13:20 | Build | Palisade Gate |
| 13:41 | Build | House |
| 13:43 | Build | House |
| 13:48 | Build | House |
| 13:51 | Build | House |
| 13:53 | Queue | Villager (Male) |
| 14:02 | Build | House |
| 14:33 | Build | Blacksmith |
| 14:53 | Research | Castle Age |
| 14:53 | Research | Castle Age |
| 15:03 | Build | Mining Camp |
| 15:12 | Build | House |
| 15:16 | Build | Palisade Wall |
| 15:25 | Build | Palisade Wall |
| 15:26 | Build | Palisade Wall |
| 15:50 | Research | Fletching |
| 15:51 | Research | Fletching |
| 16:07 | Build | House |
| 16:25 | Build | Palisade Wall |
| 16:29 | Build | Stone Wall |
| 16:33 | Build | Stone Wall |
| 16:37 | Build | Stone Wall |
| 16:52 | Build | Stone Wall |
| 17:20 | Build | Stone Wall |
| 17:33 | Age | Castle Age |
| 18:13 | Build | Town Center |
| 19:26 | Build | Siege Workshop |
| 19:35 | Build | Outpost |
| 19:49 | Build | Lumber Camp |
| 19:54 | Queue | Mangonel |
| 19:54 | Queue | Mangonel |
| 22:07 | Queue | Mangonel |
| 22:07 | Queue | Mangonel |
| 23:06 | Build | Lumber Camp |
| 24:37 | Queue | Mangonel |
| 24:38 | Queue | Mangonel |
| 24:49 | Build | Outpost |
| 25:15 | Build | Outpost |
| 25:26 | Build | Outpost |
| 25:50 | Build | Lumber Camp |
| 25:57 | Build | Outpost |
| 26:07 | Queue | Mangonel |
| 26:07 | Queue | Mangonel |
Match timeline
| 4:45 | HK | Foko_89 · wall_segment Palisade Wall x1 |
| 4:50 | HK | Foko_89 · wall_segment Palisade Wall x1 |
| 7:56 | HK | Foko_89 · wall_segment Palisade Wall x8 |
| 8:02 | HK | Foko_89 · wall_segment Palisade Wall x8 |
| 8:04 | HK | Foko_89 · wall_segment Palisade Wall x3 |
| 8:51 | HK | Foko_89 · wall_segment Palisade Wall x1 |
| 9:11 | HK | Foko_89 · wall_segment Palisade Wall x1 |
| 9:12 | HK | Foko_89 · wall_segment Palisade Wall x1 |
| 9:17 | HK | Foko_89 · wall_segment Palisade Wall x6 |
| 9:20 | HK | Foko_89 · wall_segment Palisade Wall x8 |
| 9:23 | HK | Foko_89 · wall_segment Palisade Wall x1 |
| 9:25 | HK | Foko_89 · wall_segment Palisade Wall x1 |
| 9:49 | HK | Foko_89 · wall_segment Palisade Wall x1 |
| 9:53 | HK | Foko_89 · wall_segment Palisade Wall x1 |
| 10:03 | HK | Foko_89 · wall_segment Palisade Wall x1 |
| 10:04 | HK | Foko_89 · wall_segment Palisade Wall x1 |
| 10:06 | HK | Foko_89 · age_up feudal |
| 10:33 | HK | Foko_89 · wall_segment Stone Wall x1 |
| 12:48 | HK | Foko_89 · wall_segment Stone Wall x3 |
| 13:14 | HK | Foko_89 · wall_segment Stone Wall x5 |
| 15:16 | HK | Foko_89 · wall_segment Palisade Wall x1 |
| 15:25 | HK | Foko_89 · wall_segment Palisade Wall x1 |
| 15:26 | HK | Foko_89 · wall_segment Palisade Wall x1 |
| 16:25 | HK | Foko_89 · wall_segment Palisade Wall x1 |
| 16:29 | HK | Foko_89 · wall_segment Stone Wall x1 |
| 16:33 | HK | Foko_89 · wall_segment Stone Wall x1 |
| 16:37 | HK | Foko_89 · wall_segment Stone Wall x1 |
| 16:51 | Jack_el_Guapo · wall_segment Palisade Wall x9 |
| 16:52 | HK | Foko_89 · wall_segment Stone Wall x1 |
| 17:20 | HK | Foko_89 · wall_segment Stone Wall x1 |
| 17:27 | HK | Foko_89 · first_market_buy 100 wood |
| 17:33 | HK | Foko_89 · age_up castle |
| 18:44 | Jack_el_Guapo · wall_segment Palisade Wall x13 |
| 18:51 | HK | Foko_89 · first_market_sell 500 food |
| 19:26 | HK | Foko_89 · first_building Siege Workshop |
| 25:11 | Jack_el_Guapo · first_building Barracks |
| 27:04 | Jack_el_Guapo · resign |
[ AI ANALYSIS · 1 CREDIT ]
What really happened in this match?
Wolo.gg analyzes every decision: build order, eco, micro, common mistakes by bracket. Personalized analysis on WhatsApp or Discord in 30 seconds.
Civ guide
Sicilians
Perfil
Jugador #2933077